 Dungeon Crawl Stone Soup version 0.18-a0-1311-g779ca93 (webtiles) character file.

2613 Duffy the Geomancer (level 9, -12/45 HPs)
             Began as a Gargoyle Earth Elementalist on Feb 13, 2016.
             Was an Elder of Cheibriados.
             Mangled by a phantasmal warrior (28 damage)
             ... summoned by an ancient lich
             ... on level 1 of the Abyss.
             The game lasted 00:14:11 (9391 turns).

Duffy the Geomancer (Gargoyle Earth Elementalist)   Turns: 9391, Time: 00:14:11

Health: -12/45     AC: 13    Str: 22    XL:     9   Next: 60%
Magic:  2/27       EV: 11    Int: 27    God:    Cheibriados [****..]
Gold:   329        SH:  4    Dex: 19    Spells: 4 memorised, 9 levels left

rFire  . . .     SeeInvis .     b - 76 stones
rCold  . . .     Gourm    .     r - +0 robe
rNeg   + . .     Faith    .     Q - +0 buckler (curse)
rPois  ∞         Spirit   .     (no helmet)
rElec  +         Dismiss  .     n - +0 cloak
rCorr  .         Reflect  .     y - +1 pair of gloves
SustAt .         Harm     .     g - +2 pair of boots
MR     +....                    (no amulet)
Stlth  ++........               q - ring of protection from magic
                                l - ring of magical power

@: very slow, somewhat resistant to hostile enchantments, unstealthy
A: negative energy resistance 1, electricity resistance, unbreathing,
petrification resistance, rot immunity, AC +5
a: Bend Time, Temporal Distortion, Slouch, Renounce Religion


You were on level 1 of the Abyss.
You worshipped Cheibriados.
Cheibriados was greatly pleased with you.
You were hungry.

You visited 1 branch of the dungeon, and saw 8 of its levels.
You visited the Abyss 1 time.
You also visited: Ossuary.

You collected 329 gold pieces.


Innate Abilities, Weirdness & Mutations

You are resistant to torment.
Your stone body is resilient (AC +5).
You are immune to poison.
You resist negative energy.
You are resistant to electric shocks.
You can survive without breathing.
You are immune to petrification.
You are immune to rotting.


   Skills:
 - Level 1.5 Dodging
 - Level 2.1 Stealth
 + Level 6.4 Spellcasting
 - Level 8.0 Conjurations
 - Level 1.2 Transmutations
 - Level 10.0 Earth Magic


You had 9 spell levels left.
You knew the following spells:

 Your Spells              Type           Power        Failure   Level  Hunger
a - Sandblast             Erth           ######       1%          1    None
c - Stone Arrow           Conj/Erth      ######       1%          3    None
l - Lee's Rapid Deconstr  Erth           ######....   6%          5    #####..
P - Passwall              Trmt/Erth      #####.....   1%          2    None

Inventory:

Hand Weapons
 a - a -1 whip
 O - a +3 flail of holy wrath
 U - a +0 quarterstaff
Missiles
 b - 76 stones (in hand)
Armour
 g - a +2 pair of boots (worn)
 n - a +0 cloak (worn)
 r - a +0 robe (worn)
 w - a +0 pair of gloves
 y - a +1 pair of gloves (worn)
 Q - a cursed +0 buckler (worn)
Magical Staves
 X - an uncursed staff of poison
Jewellery
 l - a ring of magical power (left hand)
 q - a ring of protection from magic (right hand)
 P - a cursed ring of loudness {unknown}
Wands
 L - a wand of heal wounds (4/9)
 S - a wand of confusion (33/48)
 W - a wand of digging (16/24)
Scrolls
 e - 4 scrolls of teleportation
 h - 5 scrolls of immolation
 j - 3 scrolls of amnesia {unknown}
 m - 7 scrolls of remove curse
 o - 2 scrolls of fear {unknown}
 s - a scroll of recharging {unknown}
 t - 2 scrolls of blinking {unknown}
 u - 4 scrolls of enchant weapon {unknown}
 C - a scroll of enchant armour {unknown}
 E - a scroll of magic mapping {unknown}
 H - 3 scrolls of fog {unknown}
Potions
 f - a potion of agility {unknown}
 p - 11 potions of curing
 v - 4 potions of lignification
 A - a potion of mutation {unknown}
 B - a potion of invisibility {unknown}
 D - a potion of beneficial mutation {unknown}
 F - a potion of flight {unknown}
 I - a potion of experience {unknown}
 J - a potion of cancellation {unknown}
 K - 2 potions of might
 R - a potion of resistance {unknown}
 T - 2 potions of heal wounds {unknown}
 V - a potion of cure mutation
 Y - a potion of berserk rage {unknown}
 Z - a potion of ambrosia {unknown}
Books
 c - a book of Geomancy
 k - a book of the Tempests
 M - a book of Death
Comestibles
 d - 8 bread rations
 i - 3 beef jerkies
 x - 3 slices of pizza
 z - 4 fruits
 G - 4 meat rations

Dungeon Overview and Level Annotations

Branches:
Dungeon (8/15)             Temple (0/1) D:5
   Lair: D:8-11

Altars:
Cheibriados
Elyvilon
Gozag
Nemelex Xobeh
Okawaru
Ru
Trog
Xom
Yredelemnul
Zin
The Shining One

Shops:
D:7 (


Message History

The ancient lich is moderately damaged.
The ancient lich touches you.
Cast which spell? (? or * to list)
Aiming: Stone Arrow
Press: ? - help, Shift-Dir - straight line, f/p - ancient lich
Aim: an ancient lich (moderately damaged)
The stone arrow hits the ancient lich.
The ancient lich is heavily damaged.
The ancient lich points at you and mumbles some strange words.
You feel haunted.
Cast which spell? (? or * to list)
Aiming: Stone Arrow
Press: ? - help, Shift-Dir - straight line, f/p - ancient lich
Aim: an ancient lich (heavily damaged)
The stone arrow hits the ancient lich.
The ancient lich is severely damaged.
You block the ancient lich's attack.
The phantasmal warrior blinks!
Cast which spell? (? or * to list)
Aiming: Stone Arrow
Press: ? - help, Shift-Dir - straight line, f/p - ancient lich
Aim: an ancient lich (severely damaged)
The stone arrow hits the ancient lich.
The ancient lich is severely damaged.
The ancient lich conjures a glowing orb.
The wavering orb of destruction weakly hits you!
The phantasmal warrior hits you.
Cast which spell? (? or * to list)
Aiming: Stone Arrow
Press: ? - help, Shift-Dir - straight line, f/p - ancient lich
Aim: an ancient lich (severely damaged)
The stone arrow hits the ancient lich.
The ancient lich is severely damaged.
The ancient lich touches you. The phantasmal warrior hits you!!
Ouch! That really hurt!
You die... #. .. #.## . #... ## ##. #..# .###### . # #WW

.#..#.. .. .#
##L##.#..##.###.
#.
#..@W###.###....#
#
#########.#.#....#
##...#.#. ##
#..#.#...# #
#.####. .. .
###.#. .#..
....... . #.... #
.. . ...#...#


You could see an ancient lich, a phantasmal warrior, a freezing wraith and a
phantom.

Action                   |  1- 3 |  4- 6 |  7- 9 || total
-------------------------+-------+-------+-------++-------
 Cast: Sandblast         |   100 |   105 |   130 ||   335
       Stone Arrow       |       |       |    89 ||    89
  Use: Scroll            |       |     5 |     8 ||    13
  Eat: Chunk             |     6 |     6 |     9 ||    21

Notes
Turn   | Place    | Note
--------------------------------------------------------------
     0 | D:1      | Duffy the Gargoyle Earth Elementalist began the quest for the Orb.
     0 | D:1      | Reached XP level 1. HP: 10/10 MP: 3/3
   650 | D:1      | Reached XP level 2. HP: 15/15 MP: 0/5
   735 | D:1      | Reached skill level 4 in Earth Magic
   875 | D:1      | Learned a level 2 spell: Passwall
  1130 | D:1      | Reached XP level 3. HP: 19/19 MP: 5/7
  1942 | D:2      | Found a glowing silver altar of Zin.
  1943 | D:2      | Found a glowing golden altar of the Shining One.
  1943 | D:2      | Found a white marble altar of Elyvilon.
  2042 | D:2      | Learned a level 3 spell: Stone Arrow
  2048 | D:2      | Reached skill level 3 in Spellcasting
  2692 | D:3      | Reached XP level 4. HP: 24/24 MP: 8/8
  3243 | D:3      | Found a snail-covered altar of Cheibriados.
  3248 | D:3      | Became a worshipper of Cheibriados the Contemplative
  3345 | D:3      | Reached skill level 5 in Earth Magic
  3728 | D:3      | Noticed slayr's ghost (amateur HaAs)
  3744 | D:3      | Killed slayr's ghost
  3744 | D:3      | Reached skill level 4 in Spellcasting
  3744 | D:3      | Reached skill level 6 in Earth Magic
  3744 | D:3      | Reached XP level 5. HP: 25/28 MP: 3/11
  3744 | D:3      | Reached XP level 6. HP: 28/32 MP: 3/12
  3922 | D:3      | Found a sacrificial altar of Ru.
  4235 | D:4      | Reached skill level 7 in Earth Magic
  4335 | D:4      | Reached XP level 7. HP: 36/36 MP: 13/13
  4352 | D:4      | Found a sand-covered staircase.
  4356 | Ossuary  | Entered an ossuary
  4457 | Ossuary  | Reached skill level 1 in Conjurations
  4526 | Ossuary  | Reached * piety under Cheibriados
  4815 | D:2      | Reached skill level 2 in Conjurations
  4815 | D:2      | Reached skill level 8 in Earth Magic
  5622 | D:4      | Found an opulent altar of Gozag.
  5623 | D:4      | Found a sparkling altar of Nemelex Xobeh.
  5768 | D:4      | Reached skill level 3 in Conjurations
  6050 | D:5      | Entered Level 5 of the Dungeon
  6058 | D:4      | Reached ** piety under Cheibriados
  6121 | D:5      | Found a staircase to the Ecumenical Temple.
  6162 | D:5      | Reached XP level 8. HP: 41/41 MP: 14/14
  6206 | D:5      | Learned a level 5 spell: Lee's Rapid Deconstruction
  6320 | D:5      | Reached skill level 4 in Conjurations
  6366 | D:5      | Reached skill level 9 in Earth Magic
  6542 | D:5      | Noticed Duffy's ghost (novice FoFi)
  6570 | D:5      | Killed Duffy's ghost
  6570 | D:5      | Reached skill level 5 in Conjurations
  6671 | D:5      | Reached skill level 10 in Earth Magic
  6785 | D:5      | Reached skill level 6 in Conjurations
  7178 | D:5      | Reached XP level 9. HP: 45/45 MP: 15/15
  7314 | D:5      | Reached skill level 7 in Conjurations
  7402 | D:6      | Found an iron altar of Okawaru.
  7404 | D:6      | Found a basalt altar of Yredelemnul.
  7404 | D:6      | Found a shimmering altar of Xom.
  7607 | D:6      | Reached *** piety under Cheibriados
  7831 | D:6      | Reached skill level 8 in Conjurations
  8128 | D:6      | Noticed Edmund
  8131 | D:6      | Killed Edmund
  8131 | D:6      | Reached skill level 5 in Spellcasting
  8600 | D:7      | Reached skill level 1 in Transmutations
  8670 | D:7      | Found Horeawn's Antique Weapon Boutique.
  9037 | D:7      | Found a bloodstained altar of Trog.
  9058 | D:8      | Reached skill level 6 in Spellcasting
  9242 | D:8      | Reached **** piety under Cheibriados
  9247 | D:8      | Cast into level 1 of the Abyss (gnoll)
  9381 | Abyss:1  | Noticed an ancient lich
  9389 | Abyss:1  | Noticed a freezing wraith
  9389 | Abyss:1  | Noticed a phantasmal warrior
  9391 | Abyss:1  | Mangled by a phantasmal warrior

Vault maps used:
D:1:      minmay_arrival_four_houses
D:2:      good_gods_temple_1, first_bread
D:3:      nicolae_ru_awakened_eye, lemuel_doored_altar
D:4:      grunt_temple_overflow_opulence, lightli_ossuary_entry_decrepit_ruins
D:5:      temple_fountains
D:6:      grunt_temple_overflow_open, uniq_edmund
D:7:      kennysheep_mini, serial_shops, shop
D:8:      grunt_temple_overflow_magic_moments, due_lair_maze_entry_diamond
Ossuary:  ossuary_crypta

Vanquished Creatures
  The ghost of Duffy the Blocker, a novice FoFi
  The ghost of slayr the Cutter, an amateur HaAs Edmund
  A black bear
  2 ice beasts
  4 ogres
  A centaur
  A giant frog
  4 scorpions
  3 crimson imps
  3 centaur zombies
  A quasit
  6 hounds
  2 orc priests
  A gnoll shaman
  A human zombie
  7 worker ants
  4 mummies
  6 gnolls
  7 adders
  2 oozes
  An adder skeleton
  6 giant geckos
  12 orcs
  2 ball pythons
  11 bats
  5 giant cockroaches
  2 gnoll zombies
  9 hobgoblins
  10 jackals
  5 quokkas
  A ball python zombie
  7 giant newts
  3 goblins
  A goblin zombie
  A hobgoblin zombie
  7 kobolds
  A kobold zombie
  8 rats
  7 fungi
158 creatures vanquished.
